[Event "fics rated crazyhouse match"]
[Site "fics, Oklahoma City, OK USA"]
[Date "2000.03.19"]
[White "pminear"]
[WhiteElo "2453"]
[Black "TheRaven"]
[BlackElo "2198"]
[TimeControl "60+0"]
[Result "1-0"]

1. e4 Nf6 2. Nc3 d5 3. exd5 Nxd5 4. d4 e6 5. Bd3 Nc6 6. Nf3 
P@g6 7. O-O Nxc3 8. bxc3 N@d5 9. Bg5 Be7 10. Bxe7 Qxe7 11. B@d2 B@f5 
12. P@e4 Bg4 13. exd5 exd5 14. Re1 P@e4 15. Bb5 Bxf3 16. gxf3 N@c4 17. B@g2 
Nxd2 18. Qxd2 B@h3 19. N@e5 Bxg2 20. Kxg2 exf3+ 21. Nxf3 B@e4 22. B@d1 P@g4 
23. P@e2 gxf3+ 24. exf3 N@h4+ 25. Kg1 Nxf3+ 26. Bxf3 Bxf3 27. Rxe7+ Kxe7 28. Qg5+ 
B@f6 29. Qe3+ P@e4 30. P@g2 R@e2 31. Bxe2 Bxe2 32. Qxe4+ dxe4 33. N@d5+ Kf8 
34. R@e8+ Kxe8 35. Nxc7+ Kd7 36. Nxa8 B@d6 37. N@c5+ Bxc5 38. Q@c7+ Ke8 39. Qxc8+ 
R@d8 40. Nc7+ Ke7 41. N@f5+ gxf5 42. Nd5# 
{TheRaven forfeits on time} 1-0

[Event "fics rated crazyhouse match"]
[Site "fics, Oklahoma City, OK USA"]
[Date "2000.03.19"]
[White "TrumpetX"]
[WhiteElo "2130"]
[Black "BurgerKing"]
[BlackElo "2332"]
[TimeControl "60+0"]
[Result "0-1"]

1. e4 e6 2. d4 d5 3. exd5 exd5 4. Bb5+ c6 5. Qe2+ Qe7 6. Bf4 
cxb5 7. Qxe7+ Bxe7 8. P@d6 Q@e4+ 9. Q@e3 Qxe3+ 10. Bxe3 B@b4+ 11. Nc3 Bexd6 
12. Ne2 Q@e4 13. Rg1 Qxc2 14. Q@d2 Bxc3 15. bxc3 Qxd2+ 16. Bxd2 N@c2+ 17. Kf1 
Bxh2 18. B@h4 Nc6 19. Rc1 Bxg1 20. Rxc2 R@b1+ 21. Nc1 Rxc1+ 22. Rxc1 Q@h2 
23. N@c7+ Kd7 24. Q@e8+ Kxc7 25. Bg3+ Qxg3 26. fxg3 N@d6 27. Q@e5 Nxe5 28. Kxg1 
P@h2+ 29. Kxh2 Ng4+ 30. Kh3 Q@h2# 
{TrumpetX checkmated} 0-1

[Event "fics rated crazyhouse match"]
[Site "fics, Oklahoma City, OK USA"]
[Date "2000.03.19"]
[White "BurgerKing"]
[WhiteElo "2340"]
[Black "letsgetiton"]
[BlackElo "2114"]
[TimeControl "180+0"]
[Result "0-1"]

1. e4 e6 2. d4 Nf6 3. e5 Nd5 4. Nf3 d6 5. exd6 cxd6 6. Be2 
Nc6 7. O-O Be7 8. c4 Nc7 9. P@b5 Nb8 10. Nc3 O-O 11. Rb1 Ne8 
12. Bd3 f5 13. d5 e5 14. Re1 Nd7 15. Qc2 Nc5 16. Be3 Nxd3 17. Qxd3 
P@e4 18. Nxe4 fxe4 19. Qxe4 B@f5 20. Qxe5 dxe5 21. Nxe5 Nd6 22. N@d4 Bxb1 
23. Rxb1 Q@e4 24. B@d3 Qxe5 25. Bxh7+ Kxh7 26. c5 N@g4 27. P@f4 Qh5 28. P@h3 
Nxe3 29. fxe3 Ne4 30. d6 Bh4 31. P@c7 Bf2+ 32. Kh1 N@g3+ 33. hxg3 Nxg3+ 
34. Kh2 B@g1+ 35. Rxg1 Bxg1+ 36. Kxg1 R@e1+ 37. N@f1 Rxf1+ 38. Kh2 Rh1+ 39. Kxg3 
Qdh4# 
{BurgerKing checkmated} 0-1

[Event "fics rated crazyhouse match"]
[Site "fics, Oklahoma City, OK USA"]
[Date "2000.03.19"]
[White "BurgerKing"]
[WhiteElo "2315"]
[Black "Thufir"]
[BlackElo "2326"]
[TimeControl "60+0"]
[Result "1-0"]

1. e4 e6 2. d4 Nc6 3. Be3 Nf6 4. Bd3 Be7 5. Nf3 d6 6. Ng5 
O-O 7. Nc3 e5 8. dxe5 Nxe5 9. P@f4 Nxd3+ 10. Qxd3 P@h6 11. Nf3 Bg4 
12. Nd4 B@b4 13. N@b5 Bxc3+ 14. Qxc3 N@h4 15. Rg1 Nxe4 16. Qxc7 Qxc7 17. Nxc7 
Q@a5+ 18. B@d2 Qxc7 19. P@f3 Bd7 20. fxe4 P@c5 21. N@d5 Qd8 22. Nf3 Nxf3+ 
23. gxf3 N@g6 24. f5 N@h3 25. fxg6 Nxg1 26. gxh7+ Kh8 27. Q@h1 R@g6 28. P@g2 
Nxf3+ 29. gxf3 P@g2 30. Qg1 Be6 31. Nf4 Bg5 32. Nxg6+ fxg6 33. Bxg5 hxg5 
34. Qxg2 B@h6 35. P@d5 N@h4 36. Qg3 Nxf3+ 37. Qxf3 Rxf3 38. dxe6 Kxh7 39. N@f7 
Q@h1+ 40. R@f1 P@g2 41. Rxh1 gxh1=Q+ 42. B@f1 P@g2 43. B@e2 gxf1=Q+ 44. Bxf1 Rxf7 
45. exf7 N@f3+ 46. Ke2 Nd4+ 47. Ke1 R@e2+ 48. Kd1 Qxf1+ 49. R@e1 Rxd2+ 50. Kxd2 
Qxf2+ 51. R@e2 
{Thufir forfeits on time} 1-0

[Event "fics rated crazyhouse match"]
[Site "fics, Oklahoma City, OK USA"]
[Date "2000.03.19"]
[White "Thufir"]
[WhiteElo "2318"]
[Black "BurgerKing"]
[BlackElo "2331"]
[TimeControl "60+0"]
[Result "0-1"]

1. e4 Nf6 2. Nc3 d5 3. exd5 Nxd5 4. d4 e6 5. Bd3 Nxc3 6. bxc3 
P@b4 7. cxb4 Bxb4+ 8. P@d2 N@f4 9. P@c3 Nxg2+ 10. Kf1 Nf4 11. N@e3 Nxd3 
12. cxd3 Bd6 13. N@h5 g6 14. Ng7+ Kf8 15. Ng4 B@d5 16. f3 Kxg7 17. Qe2 
N@f4 18. Qf2 Kf8 19. Nh3 Nxh3 20. Qh4 
{Thufir resigns} 0-1

[Event "fics rated crazyhouse match"]
[Site "fics, Oklahoma City, OK USA"]
[Date "2000.03.19"]
[White "LINDEGREN"]
[WhiteElo "2324"]
[Black "pminear"]
[BlackElo "2456"]
[TimeControl "60+0"]
[Result "0-1"]

1. e4 e5 2. Nc3 Nc6 3. Nf3 Bc5 4. Bc4 Nf6 5. O-O d6 6. d3 
Bg4 7. Be3 O-O 8. Nd5 Nxd5 9. exd5 Nd4 10. Bxd4 exd4 11. N@e4 B@h5 
12. N@d2 N@f4 13. Re1 Bxf3 14. Nxf3 N@h4 15. Ned2 Nfxg2 16. B@h3 Nxe1 17. Qxe1 
Bxf3 18. N@g3 P@g2 19. Bxg2 Bxg2 20. h3 N@f3+ 21. Nxf3 Nxf3+ 22. Kxg2 Nxe1+ 
23. Rxe1 N@h4+ 24. Kf1 Q@f3 25. B@h1 B@g2+ 26. Bxg2 Qxg2+ 27. Ke2 Qe7+ 28. Kd2 
Qxe1+ 29. Kxe1 Nf3+ 30. Ke2 R@e1# 
{LINDEGREN checkmated} 0-1

[Event "fics rated crazyhouse match"]
[Site "fics, Oklahoma City, OK USA"]
[Date "2000.03.19"]
[White "pminear"]
[WhiteElo "2461"]
[Black "LINDEGREN"]
[BlackElo "2319"]
[TimeControl "60+0"]
[Result "1-0"]

1. e4 Nf6 2. Nc3 Nc6 3. d4 d5 4. exd5 Nxd5 5. Nf3 e6 6. Bd3 
Bb4 7. Bd2 Qe7 8. O-O Bxc3 9. bxc3 f5 10. Bb5 O-O 11. Bxc6 bxc6 
12. Ne5 N@f4 13. B@f3 P@e4 14. Bh5 Qg5 15. N@g3 B@g4 16. P@f7+ Kh8 17. Bxg4 
fxg4 18. Bxf4 Nxf4 19. Qxg4 Qxg4 20. Nxg4 B@h3 21. Q@g8+ Rxg8 22. fxg8=Q+ Kxg8 
23. P@f7+ Kxf7 24. Ne5+ Ke7 25. B@g5+ B@f6 26. Bxf6+ gxf6 27. R@f7+ Ke8 28. N@g7+ 
Kd8 29. B@e7# 
{LINDEGREN checkmated} 1-0

[Event "fics rated crazyhouse match"]
[Site "fics, Oklahoma City, OK USA"]
[Date "2000.03.19"]
[White "pminear"]
[WhiteElo "2480"]
[Black "LINDEGREN"]
[BlackElo "2300"]
[TimeControl "60+0"]
[Result "1-0"]

1. e4 e6 2. Nc3 b6 3. d4 Bb7 4. Bd3 Nf6 5. Qe2 Bb4 6. Bg5 
d5 7. e5 Rg8 8. Bxh7 Nxh7 9. Bxd8 Kxd8 10. a3 Bxc3+ 11. bxc3 B@g5 
12. B@e3 B@h6 13. Nf3 Bxe3 14. fxe3 Nc6 15. P@d6 B@f8 16. dxc7+ Kxc7 17. B@d6+ 
Bxd6 18. exd6+ Kxd6 19. P@c5+ Kd7 20. Q@d6+ Ke8 21. B@d7# 
{LINDEGREN resigns} 1-0

[Event "fics rated crazyhouse match"]
[Site "fics, Oklahoma City, OK USA"]
[Date "2000.03.19"]
[White "LINDEGREN"]
[WhiteElo "2296"]
[Black "pminear"]
[BlackElo "2484"]
[TimeControl "60+0"]
[Result "0-1"]

1. d4 Nf6 2. Nc3 e6 3. f3 Bb4 4. e3 d5 5. Bd3 Nbd7 6. Ne2 
O-O 7. O-O e5 8. dxe5 Nxe5 9. Bd2 P@h3 10. gxh3 Bxh3 11. P@g2 Nxd3 
12. cxd3 Bf5 13. P@g4 Bxg4 14. fxg4 Nxg4 15. B@g3 P@h4 16. Bf4 P@g5 17. Nd4 
B@h5 18. Be5 Nxe5 19. Qxh5 B@g4 20. Qxg4 Nxg4 21. B@f2 Nxf2 22. Rxf2 P@g3 
23. hxg3 hxg3 24. Rf3 P@f2+ 25. Rxf2 gxf2+ 26. Kxf2 Bxc3 27. bxc3 N@g4+ 28. Ke2 
R@f2+ 29. Kd1 Q@b2 30. N@b3 Nxe3# 
{LINDEGREN forfeits on time} 0-1

[Event "fics rated crazyhouse match"]
[Site "fics, Oklahoma City, OK USA"]
[Date "2000.03.19"]
[White "pminear"]
[WhiteElo "2488"]
[Black "LINDEGREN"]
[BlackElo "2292"]
[TimeControl "60+0"]
[Result "0-1"]

1. e4 e6 2. Nc3 Nc6 3. d4 d5 4. Nf3 Nf6 5. e5 Ne4 6. a3 
Be7 7. Be3 Nxc3 8. bxc3 N@e4 9. Bd2 Rg8 10. Bd3 Nxd2 11. Qxd2 B@e4 
12. Bxe4 dxe4 13. Ng1 Nxe5 14. B@b5+ B@c6 15. dxe5 Qxd2+ 16. Kxd2 Bxb5 17. N@e3 
P@d3 18. N@d4 dxc2 19. Nxb5 Q@d3+ 20. Kc1 P@d2+ 21. Kb2 c1=Q+ 22. Rxc1 dxc1=Q+ 
23. Kb3 R@b2+ 24. Ka4 Qxb5# 
{pminear checkmated} 0-1

[Event "fics rated crazyhouse match"]
[Site "fics, Oklahoma City, OK USA"]
[Date "2000.03.19"]
[White "LINDEGREN"]
[WhiteElo "2304"]
[Black "pminear"]
[BlackElo "2476"]
[TimeControl "60+0"]
[Result "0-1"]

1. e4 e5 2. Nf3 Nc6 3. c3 Bc5 4. d4 exd4 5. cxd4 Bxd4 6. Nxd4 
Nxd4 7. Qxd4 N@c2+ 8. Kd1 Nxd4 9. B@d3 P@c4 10. P@c2 cxd3 11. Bxd3 d5 
12. Nc3 dxe4 13. Nxe4 P@e2+ 14. Bxe2 Nxe2+ 15. Kxe2 Nf6 16. Nxf6+ Qxf6 17. N@e4 
N@d4+ 18. Kd3 Q@e2+ 19. Kc3 Qxe4 
{LINDEGREN resigns} 0-1

[Event "fics rated crazyhouse match"]
[Site "fics, Oklahoma City, OK USA"]
[Date "2000.03.19"]
[White "Thufir"]
[WhiteElo "2323"]
[Black "Gobi"]
[BlackElo "2364"]
[TimeControl "60+0"]
[Result "1-0"]

1. e4 e5 2. Nc3 Nc6 3. Bc4 Nf6 4. Nf3 Bc5 5. d3 d6 6. Bg5 
Bxf2+ 7. Kxf2 Ng4+ 8. Ke2 Qxg5 9. Nxg5 Nd4+ 10. Kf1 Ne3+ 11. Ke1 P@f2+ 
12. Kd2 Nxd1 13. Bxf7+ Kd8 14. P@e7+ Kd7 15. B@g4+ Kc6 16. Bd5+ Kb6 17. Q@b4+ 
Ka6 18. Bc4+ b5 19. Bxb5+ Kb6 20. Nd5+ Kb7 21. Bbd7+ B@b6 22. Bxc8# 
{Gobi forfeits on time} 1-0

[Event "fics rated crazyhouse match"]
[Site "fics, Oklahoma City, OK USA"]
[Date "2000.03.19"]
[White "Thufir"]
[WhiteElo "2341"]
[Black "Gobi"]
[BlackElo "2346"]
[TimeControl "60+0"]
[Result "1-0"]

1. e4 e5 2. Nc3 Nc6 3. Bc4 Nf6 4. Nf3 Bc5 5. d3 O-O 6. Bg5 
d6 7. O-O Be6 8. Bxe6 fxe6 9. B@h4 Qe8 10. Bxf6 gxf6 11. Na4 B@h5 
12. Nxc5 dxc5 13. B@e2 B@g4 14. N@g3 Bxf3 15. Bxf3 Bxf3 16. Qxf3 N@h6 17. Qh5 
Qxh5 18. Nxh5 B@h8 19. B@h3 N@f4 20. Q@g3+ Q@g6 21. Nxf4 exf4 22. Qxg6+ hxg6 
23. Bxe6+ Kh7 24. B@f3 Nd4 25. Beg4 N@e5 26. P@f5 Nexf3+ 27. Bxf3 Nxf3+ 28. gxf3 
gxf5 29. exf5 Nxf5 30. Q@h5+ Q@h6 31. Qxf5+ P@g6 32. Qd7+ P@f7 33. P@g3 Qxh4 
34. gxh4 B@e6 35. Qxc7 Bd5 36. Qxf4 Bxf3 37. Q@h6# 
{Gobi forfeits on time} 1-0

[Event "fics rated crazyhouse match"]
[Site "fics, Oklahoma City, OK USA"]
[Date "2000.03.19"]
[White "Gobi"]
[WhiteElo "2338"]
[Black "Thufir"]
[BlackElo "2349"]
[TimeControl "60+0"]
[Result "1-0"]

1. e4 e6 2. d4 Nc6 3. Nf3 Nf6 4. Bg5 Be7 5. Nbd2 d6 6. Bd3 
O-O 7. c3 e5 8. d5 Nb8 9. h4 Bg4 10. Bxf6 Bxf6 11. N@e3 Bxf3 
12. Nxf3 B@h5 13. B@g5 N@f4 14. Bxf4 exf4 15. Nf5 B@g6 16. N@e2 Bxf5 17. exf5 
Re8 18. B@e4 N@e3 19. fxe3 fxe3 20. Qb3 Bxf3 21. Bxf3 P@d2+ 22. Kd1 N@f2+ 
23. Kc2 Nxd3 24. Kxd3 Na6 25. B@d4 Bxd4 26. cxd4 B@f6 27. B@e6 fxe6 28. dxe6 
Rf8 29. P@f7+ Kh8 30. h5 Bxd4 31. Nxd4 Nc5+ 32. Kxe3 Nxb3 33. N@g6+ hxg6 
34. hxg6+ P@h6 35. Rxh6+ gxh6 36. P@g7+ Kxg7 37. N@h5+ Kh8 38. P@g7# 
{Thufir checkmated} 1-0

[Event "fics rated crazyhouse match"]
[Site "fics, Oklahoma City, OK USA"]
[Date "2000.03.19"]
[White "Thufir"]
[WhiteElo "2341"]
[Black "Gobi"]
[BlackElo "2346"]
[TimeControl "60+0"]
[Result "1-0"]

1. e4 Nf6 2. Nc3 d5 3. exd5 Nxd5 4. d4 Nb6 5. Nf3 Bg4 6. Be2 
e6 7. Be3 Nc6 8. O-O h5 9. h3 Bf5 10. P@e4 Bh7 11. Bg5 P@f6 
12. Bh4 Bb4 13. Bb5 Bxc3 14. bxc3 Bxe4 15. Bxc6+ Bxc6 16. Re1 N@f4 17. N@e5 
P@e2 18. Qd2 fxe5 19. Bxd8 Rxd8 20. B@g5 Bxf3 21. Q@e7# 
{Gobi checkmated} 1-0

[Event "fics rated crazyhouse match"]
[Site "fics, Oklahoma City, OK USA"]
[Date "2000.03.19"]
[White "Gobi"]
[WhiteElo "2338"]
[Black "Thufir"]
[BlackElo "2349"]
[TimeControl "60+0"]
[Result "1-0"]

1. e4 e6 2. Nc3 Nc6 3. Nf3 Nf6 4. e5 Nd5 5. Bc4 d6 6. Nxd5 
exd5 7. Bxd5 Nxe5 8. d4 Nxf3+ 9. Qxf3 Qe7+ 10. Be3 P@e6 11. Bxb7 N@h4 
12. Qc6+ Bd7 13. Bxa8 Bxc6 14. Bxc6+ N@d7 15. R@c8+ Q@d8 16. Rxd8+ Qxd8 17. B@b5 
Be7 18. Bxd7+ Kf8 19. Q@g4 R@g6 20. P@g5 Bxg5 21. Bxg5 P@d2+ 22. Kxd2 Rxg5 
23. Qxh4 B@h6 24. B@e3 Rxb5 25. Qxd8# 
{Thufir resigns} 1-0

[Event "fics rated crazyhouse match"]
[Site "fics, Oklahoma City, OK USA"]
[Date "2000.03.19"]
[White "Thufir"]
[WhiteElo "2341"]
[Black "Gobi"]
[BlackElo "2346"]
[TimeControl "60+0"]
[Result "0-1"]

1. e4 Nf6 2. Nc3 e5 3. Bc4 d6 4. Nf3 Be7 5. d3 O-O 6. h3 
Be6 7. Bxe6 fxe6 8. O-O Nc6 9. Ne2 d5 10. exd5 Nxd5 11. P@b5 Rxf3 
12. gxf3 N@d4 13. B@g4 P@f5 14. Nxd4 Nxd4 15. c3 fxg4 16. cxd4 gxh3 17. R@g3 
B@g2 18. N@h6+ Kf8 19. dxe5 B@f4 20. Bxf4 Nxf4 21. N@c3 N@d4 22. P@e3 P@e2 
23. exf4 Nxf3+ 24. Rxf3 Bxf3 25. B@h1 exd1=Q 26. Bxf3 Qxf3 27. N@g6+ hxg6 28. N@h7+ 
Ke8 29. B@f7+ Kd7 30. Bxe6+ Kxe6 31. P@d5+ Qdxd5 32. Nf8+ Rxf8 
{Thufir forfeits on time} 0-1

[Event "fics rated crazyhouse match"]
[Site "fics, Oklahoma City, OK USA"]
[Date "2000.03.19"]
[White "Gobi"]
[WhiteElo "2354"]
[Black "Thufir"]
[BlackElo "2333"]
[TimeControl "60+0"]
[Result "1-0"]

1. e4 e6 2. d4 Nc6 3. Nf3 Nf6 4. Bd3 d6 5. Nc3 Be7 6. d5 
Ne5 7. O-O Nxf3+ 8. Qxf3 N@e5 9. Qg3 Nh5 10. Qh3 Nf6 11. Qg3 Ng6 
12. Bg5 exd5 13. Bxf6 Bxf6 14. exd5 B@e5 15. Qf3 P@g4 16. Qe3 Qe7 17. N@h5 
Bxc3 18. bxc3 Qxe3 19. fxe3 N@h3+ 20. gxh3 gxh3 21. B@e4 P@g2 22. Rxf6 Q@h1+ 
23. Kf2 Qxa1 24. Nxg7+ Kd8 25. N@e6+ Bxe6 26. Nxe6+ Kc8 27. P@d7+ Kb8 28. Q@c8+ 
Rxc8 29. dxc8=Q+ Kxc8 30. R@d8# 
{Thufir checkmated} 1-0

[Event "fics rated crazyhouse match"]
[Site "fics, Oklahoma City, OK USA"]
[Date "2000.03.19"]
[White "Thufir"]
[WhiteElo "2325"]
[Black "Gobi"]
[BlackElo "2362"]
[TimeControl "60+0"]
[Result "1-0"]

1. e4 e5 2. Nc3 Nc6 3. Bc4 Nf6 4. Nf3 Bc5 5. d3 O-O 6. Bg5 
h6 7. Bxf6 Qxf6 8. N@d5 Qd8 9. O-O d6 10. h3 B@h5 11. Bb5 Bxf3 
12. Qxf3 Nd4 13. Qd1 Nxb5 14. Nxb5 c6 15. B@e7 Qd7 16. N@f6+ gxf6 17. Nxf6+ 
Kh8 18. Nxd7 Bxd7 19. Bxf8 Rxf8 20. R@g3 B@g5 21. P@e7 Rg8 22. Nc3 B@f4 
23. Rg4 Bxg4 24. Qxg4 N@g3 25. Qxg3 Bxg3 26. N@f3 Bcxf2+ 27. Kh1 B5f4 28. B@f6+ 
P@g7 29. e8=Q Rxe8 30. Bxg7+ Kxg7 31. P@f6+ Kxf6 32. Rxf2 Bxf2 33. B@h4+ P@g5 
34. Bxf2 Kg7 35. B@g3 Bxg3 36. Bxg3 P@f4 37. B@f5 B@f2 38. Q@h7# 
{Gobi forfeits on time} 1-0

[Event "fics rated crazyhouse match"]
[Site "fics, Oklahoma City, OK USA"]
[Date "2000.03.19"]
[White "Gobi"]
[WhiteElo "2353"]
[Black "Thufir"]
[BlackElo "2334"]
[TimeControl "60+0"]
[Result "1-0"]

1. d4 e6 2. Nc3 Nc6 3. e4 Nf6 4. e5 Nd5 5. Ne4 d6 6. f4 
dxe5 7. dxe5 P@f5 8. Nf2 Bb4+ 9. c3 Be7 10. Nf3 O-O 11. Bd3 f6 
12. exf6 Bxf6 13. Bc2 Nxc3 14. Qxd8 Rxd8 15. bxc3 Bxc3+ 16. P@d2 Bxa1 17. P@f7+ 
Kh8 18. Ng5 Q@f8 19. N@g6# 
{Thufir resigns} 1-0

[Event "fics rated crazyhouse match"]
[Site "fics, Oklahoma City, OK USA"]
[Date "2000.03.19"]
[White "jtp"]
[WhiteElo "2258"]
[Black "Gobi"]
[BlackElo "2361"]
[TimeControl "60+0"]
[Result "0-1"]

1. e4 e5 2. Nc3 Nc6 3. Nf3 Nf6 4. Bc4 Bc5 5. d3 O-O 6. Bg5 
h6 7. Bxf6 Qxf6 8. Nd5 Qd8 9. c3 B@h5 10. Rg1 d6 11. N@f5 Bxf5 
12. exf5 N@h4 13. B@e4 Bxf3 14. gxf3 N@g2+ 15. Kd2 Bxf2 16. Qe2 P@e3+ 17. Kc2 
Bxg1 18. Rxg1 R@d2+ 19. Qxd2 exd2 20. Kxd2 Q@f2+ 21. B@e2 Qxg1 22. R@f1 R@e3 
23. Rxg1 Qg5 24. B@f2 Rxe4+ 25. P@e3 Rxc4 26. dxc4 Nxf5 27. R@g3 Nxg3 28. hxg3 
P@d4 29. N@e4 dxe3+ 30. Bxe3 Nxe3 31. Nxg5 R@c2+ 32. Kxe3 B@d2# 
{jtp forfeits on time} 0-1

[Event "fics rated crazyhouse match"]
[Site "fics, Oklahoma City, OK USA"]
[Date "2000.03.19"]
[White "Gobi"]
[WhiteElo "2367"]
[Black "jtp"]
[BlackElo "2252"]
[TimeControl "60+0"]
[Result "0-1"]

1. e4 Nf6 2. e5 Ne4 3. Qe2 d5 4. d3 Nc5 5. Nf3 Bg4 6. Nbd2 
Nc6 7. h3 Bxf3 8. Nxf3 d4 9. B@b5 e6 10. Bd2 Be7 11. g3 N@f5 
12. Bg2 Qd7 13. O-O a6 14. Bxc6 Qxc6 15. Nh4 Qxg2+ 16. Nxg2 B@c6 17. N@e4 
B@d5 18. f3 Bxe4 19. fxe4 Nxg3 20. Qf3 Nxf1 21. Rxf1 P@f5 22. N@h5 R@g6 
23. Kh1 Nxe4 24. dxe4 Bxe4 25. Qxe4 fxe4 26. N@h4 Rxg2 27. Nxg2 P@f3 28. Nxg7+ 
Kd8 29. Nxe6+ fxe6 30. Q@g1 fxg2+ 31. Qxg2 P@f3 32. Rxf3 Q@a5 33. Rf1 N@g3+ 
34. Qxg3 
{Gobi forfeits on time} 0-1

[Event "fics rated crazyhouse match"]
[Site "fics, Oklahoma City, OK USA"]
[Date "2000.03.19"]
[White "Thufir"]
[WhiteElo "2326"]
[Black "marcusm"]
[BlackElo "2212"]
[TimeControl "180+0"]
[Result "0-1"]

1. e4 Nf6 2. Nc3 d5 3. exd5 Nxd5 4. d4 Bf5 5. Nf3 e6 6. Be2 
Bb4 7. P@d2 Nf4 8. O-O Nc6 9. d3 Nxe2+ 10. Nxe2 P@h3 11. gxh3 Bxh3 
12. N@f4 B@g4 13. Nxh3 Bxf3 14. P@g2 Bxe2 15. Qxe2 Nxd4 16. Qg4 P@f3 17. Qxg7 
Ne2+ 18. Kh1 fxg2+ 19. Qxg2 N@h4 20. P@g7 Rg8 21. B@g5 Nxg2 22. Bxd8 Rxd8 
23. Bh6 Nh4 24. P@g2 P@f3 25. B@e4 fxg2+ 26. Bxg2 Nxg2 27. c3 Nh4 28. P@g2 
P@f3 29. Rg1 fxg2+ 30. Rxg2 B@f3 31. Rg1 Nxg1 32. Q@a4+ B@c6 33. Qxb4 Bxg2+ 
34. Kxg1 N@f3# 
{Thufir checkmated} 0-1

[Event "fics rated crazyhouse match"]
[Site "fics, Oklahoma City, OK USA"]
[Date "2000.03.19"]
[White "jtp"]
[WhiteElo "2263"]
[Black "Gobi"]
[BlackElo "2356"]
[TimeControl "60+0"]
[Result "0-1"]

1. e4 Nf6 2. Nc3 e5 3. Nf3 Nc6 4. Nd5 Bc5 5. Nxf6+ Qxf6 6. N@d5 
Qd8 7. Bb5 N@g4 8. O-O O-O 9. c3 a6 10. Bxc6 dxc6 11. d4 cxd5 
12. dxc5 dxe4 13. Qxd8 Rxd8 14. Q@e7 Be6 15. Ng5 N@e2+ 16. Kh1 Q@g1+ 17. Rxg1 
Nxf2# 
{jtp checkmated} 0-1

[Event "fics rated crazyhouse match"]
[Site "fics, Oklahoma City, OK USA"]
[Date "2000.03.19"]
[White "Gobi"]
[WhiteElo "2362"]
[Black "Thufir"]
[BlackElo "2316"]
[TimeControl "60+0"]
[Result "0-1"]

1. e4 e6 2. d4 Nc6 3. Nc3 Nf6 4. Nf3 Bb4 5. Bd3 d5 6. exd5 
exd5 7. Ne5 Nxd4 8. O-O Be6 9. Re1 Nc6 10. P@f5 Nxe5 11. Rxe5 Bd6 
12. Re1 Bxh2+ 13. Kxh2 N@g4+ 14. Kg3 h5 15. fxe6 h4+ 16. Kf3 P@e4+ 17. Ke2 
exd3+ 18. cxd3 fxe6 19. B@g6+ P@f7 20. Bxf7+ Kxf7 21. N@g5+ Ke8 22. P@f7+ Ke7 
23. B@f3 Ne5 24. Bf4 Nxf3 25. gxf3 B@d6 26. N@g6+ Kd7 27. P@e5 Bc5 28. d4 
B@a6+ 29. Ke3 Bb4 30. Nxh8 Bxc3 31. bxc3 N@c4# 
{Gobi forfeits on time} 0-1

[Event "fics rated crazyhouse match"]
[Site "fics, Oklahoma City, OK USA"]
[Date "2000.03.19"]
[White "Thufir"]
[WhiteElo "2325"]
[Black "jtp"]
[BlackElo "2257"]
[TimeControl "60+0"]
[Result "0-1"]

1. e4 Nf6 2. Nc3 d5 3. exd5 Nxd5 4. d4 e6 5. Nf3 Bb4 6. Bd2 
Qe7 7. Bd3 P@a3 8. Nxd5 exd5+ 9. P@e5 axb2 10. O-O bxa1=Q 11. Qxa1 Bxd2 
12. Nxd2 B@f4 13. P@e3 Bxh2+ 14. Kxh2 N@g4+ 15. Kh1 R@h5+ 16. N@h3 P@g3 17. fxg3 
Nxe3 18. B@f3 Bxh3 19. gxh3 Rxh3+ 20. P@h2 Nxf1 21. Qxf1 P@e3 22. Qxh3 N@f2+ 
23. Kg2 Nxh3 24. N@g4 exd2 25. R@f1 N@g5 26. B@a4+ P@c6 27. B@h4 P@e4 28. Bxg5 
Nxg5 29. Bfxe4 dxe4 30. Bxe4 Nxe4 31. P@f3 B@d5 32. P@e2 Q@e3 33. Nxe3 B@g5 
34. N@h3 Bxe3 35. Bxc6+ Nxc6 36. P@f2 N@e1+ 37. Kh1 B@g2+ 38. Kg1 Bxf2# 
{Thufir forfeits on time} 0-1

[Event "fics rated crazyhouse match"]
[Site "fics, Oklahoma City, OK USA"]
[Date "2000.03.19"]
[White "jtp"]
[WhiteElo "2267"]
[Black "Gobi"]
[BlackElo "2353"]
[TimeControl "60+0"]
[Result "0-1"]

1. e4 e5 2. Nc3 Nc6 3. Bc4 Nf6 4. Bxf7+ Kxf7 5. Nf3 Bc5 6. O-O 
Re8 7. d3 d6 8. Nd5 Bg4 9. c3 Kg8 10. Nxf6+ Qxf6 11. Bg5 Qf7 
12. P@f5 B@h5 13. N@d2 N@f4 14. Bxf4 exf4 15. N@g5 Qf6 16. d4 Bb6 17. h3 
Bxf3 18. Ndxf3 Bxf3 19. B@c4+ Kh8 20. Qxf3 Qxg5 21. B@d7 N@h4 22. Qg4 Qxg4 
23. hxg4 N@f3+ 24. Kh1 Q@h2# 
{jtp checkmated} 0-1

[Event "fics rated crazyhouse match"]
[Site "fics, Oklahoma City, OK USA"]
[Date "2000.03.19"]
[White "Gobi"]
[WhiteElo "2359"]
[Black "jtp"]
[BlackElo "2261"]
[TimeControl "60+0"]
[Result "1-0"]

1. e4 Nf6 2. e5 Ne4 3. Qe2 d5 4. d3 Nc5 5. d4 Ne4 6. Nd2 
Nxd2 7. Bxd2 Nc6 8. Nf3 Bg4 9. Qb5 Qd7 10. N@c5 Bxf3 11. Nxd7 Nxd4 
12. Nf6+ Kd8 13. Qd7# 
{jtp checkmated} 1-0

[Event "fics rated crazyhouse match"]
[Site "fics, Oklahoma City, OK USA"]
[Date "2000.03.19"]
[White "jtp"]
[WhiteElo "2255"]
[Black "Gobi"]
[BlackElo "2365"]
[TimeControl "60+0"]
[Result "1-0"]

1. e4 Nf6 2. Nc3 Nc6 3. d4 e6 4. Nf3 Bb4 5. Bd3 d5 6. exd5 
exd5 7. Qe2+ Qe7 8. P@e5 Ne4 9. Bd2 Bxc3 10. bxc3 Nxd2 11. Qxd2 P@e4 
12. B@h4 Qd7 13. N@h5 O-O 14. Bf6 exf3 15. gxf3 N@g2+ 16. Kd1 Qh3 17. Nxg7 
Qxf3+ 18. Kc1 B@f4 19. P@e3 Nxe3 20. fxe3 Bxe3 21. N@h6+ Kh8 22. Ngf5# 
{Gobi resigns} 1-0

[Event "fics rated crazyhouse match"]
[Site "fics, Oklahoma City, OK USA"]
[Date "2000.03.19"]
[White "Gobi"]
[WhiteElo "2355"]
[Black "jtp"]
[BlackElo "2265"]
[TimeControl "60+0"]
[Result "0-1"]

1. e4 Nf6 2. Bc4 e6 3. e5 Ne4 4. Nc3 Nxf2 5. Kxf2 Nc6 6. d4 
d6 7. Nf3 dxe5 8. dxe5 Bc5+ 9. P@e3 Qxd1 10. Rxd1 P@d5 11. Bb5 Bd7 
12. N@a4 Be7 13. Ne2 Nxe5 14. Bxd7+ Nxd7 15. Q@g3 B@f6 16. Qxc7 Q@c6 17. Qxc6 
bxc6 18. B@b7 O-O 19. Bxc6 Ne5 20. Bxa8 Ng4+ 21. Kg1 Q@f2+ 22. Kh1 Qxe2 
23. Bd2 N@f2+ 24. Kg1 Nxd1 25. Be1 P@f2+ 26. Bxf2 Qxf2+ 27. Kh1 Qf1+ 28. R@g1 
Ndf2# 
{Gobi checkmated} 0-1

[Event "fics rated crazyhouse match"]
[Site "fics, Oklahoma City, OK USA"]
[Date "2000.03.19"]
[White "jtp"]
[WhiteElo "2275"]
[Black "Gobi"]
[BlackElo "2345"]
[TimeControl "60+0"]
[Result "0-1"]

1. e4 Nf6 2. Nc3 b6 3. d4 Bb7 4. Bd3 e6 5. Nf3 c5 6. d5 
exd5 7. exd5 Nxd5 8. Qe2+ P@e6 9. Nxd5 Bxd5 10. Bf4 d6 11. P@e5 Nc6 
12. exd6 Bxd6 13. Bxd6 Qxd6 14. P@e5 Qd7 15. N@d6+ Kf8 16. B@b5 P@f4 17. Rd1 
P@g4 18. Rg1 B@h5 19. Bxc6 Qxc6 20. Bxh7 Rxh7 21. Rxd5 Qxd5 22. B@e4 gxf3 
23. Bxd5 fxe2 24. P@e7+ Kxe7 25. N@f5+ Kf8 26. Q@e7+ Kg8 27. Bxa8 Q@d1# 
{jtp checkmated} 0-1

[Event "fics rated crazyhouse match"]
[Site "fics, Oklahoma City, OK USA"]
[Date "2000.03.19"]
[White "jtp"]
[WhiteElo "2267"]
[Black "Gobi"]
[BlackElo "2353"]
[TimeControl "60+0"]
[Result "1-0"]

1. e4 Nf6 2. e5 Ne4 3. Nc3 Nxf2 4. Kxf2 d6 5. d4 Nc6 6. Nf3 
Bg4 7. Bb5 e6 8. Qe2 dxe5 9. dxe5 Bc5+ 10. P@e3 O-O 11. Rd1 Bxf3 
12. gxf3 Qh4+ 13. B@g3 Qh5 14. N@f4 Qg5 15. Ne4 Qxe5 16. Bxc6 bxc6 17. N@g4 
Qf5 18. Nxc5 Qxc5 19. B@d4 Qg5 20. h4 Qxf4 21. exf4 N@h3+ 22. Kg2 N@f5 
23. Kxh3 Nxg3 24. Kxg3 N@f5+ 25. Kh3 Nxd4 26. N@h6+ Kh8 27. Q@g8+ Rxg8 28. Nxf7# 
{Gobi checkmated} 1-0